[Event "55th Biel Festival MTO 2022"]
[Site "Biel"]
[Date "2022.07.18"]
[Round "5.23"]
[White "Krishna C R G"]
[Black "Kittler Thorsten"]
[Result "1-0"]
[ECO "E14"]
[WhiteElo "2430"]
[BlackElo "2226"]
[Annotator "TA"]
[PlyCount "59"]
[EventDate "2022.07.13"]
[EventType "swiss"]
[EventCountry "SUI"]
[SourceTitle "playchess.com"]
[Source "ChessBase"]
[SourceQuality "1"]
[TimeControl "40/5400+30:1800+30"]

1. d4 Nf6 2. Nf3 e6 3. e3 b6 4. Bd3 Bb7 5. O-O Be7 6. c4 O-O 7. Nc3 d6 {[%emt 0:00:30] E14: Queen's Indian: Classical Variation (4 e3).} 8. b3 Nbd7 9. Bb2 Re8 {[%emt 0:00:39] White is slightly better.} 10. d5 e5 {[%emt 0:08:24] [#]} 11. Nd2 $146 ({Predecessor:} 11. Qe2 c5 12. Qc2 Nf8 13. Rad1 a6 14. a4 Ng6 15. Nd2 Bc8 16. Ne2 b5 17. axb5 axb5 {1-0 (29) Marshall,M (1904)-Larsen,P Borup 2009}) 11... Bf8 12. Qc2 g6 13. b4 a5 14. a3 Qe7 15. Rae1 Bg7 16. Qb1 Qd8 17. h3 Nf8 18. Qc2 N6d7 19. e4 Qe7 20. Nb3 axb4 21. axb4 c6 22. Ra1 c5 23. Ba3 cxb4 (23... Ra6 $142) 24. Bxb4 $16 Nc5 25. Bxc5 bxc5 26. Na5 {[%emt 0:01:18] White is clearly better.} Qd7 27. Nb5 Reb8 28. Nxb7 {[%emt 0:01:40] White is much more active. Pair of Knights!} Rxa1 29. Rxa1 Rxb7 30. Ra6 {[%emt 0:00:05] Weighted Error Value: White=0.04 (flawless) /Black=0.13 (very precise)} 1-0

[Event "55th Biel Festival MTO 2022"]
[Site "Biel"]
[Date "2022.07.18"]
[Round "5.24"]
[White "Hilby Craig"]
[Black "Aaron Deepak"]
[Result "1/2-1/2"]
[ECO "A46"]
[WhiteElo "2422"]
[BlackElo "2221"]
[Annotator "TA"]
[PlyCount "43"]
[EventDate "2022.07.13"]
[EventType "swiss"]
[EventCountry "SUI"]
[SourceTitle "playchess.com"]
[Source "ChessBase"]
[SourceQuality "1"]
[TimeControl "40/5400+30:1800+30"]

1. Nf3 Nf6 2. d4 e6 3. g3 d5 4. Bg2 b5 5. O-O Bd6 6. a4 {[%emt 0:00:18] A46: 1 d4 Nf6 2 Nf3 e6: Torre, London and Colle Systems.} b4 7. c4 bxc3 8. Nxc3 Nbd7 9. Nb5 O-O 10. Nxd6 cxd6 {[%emt 0:00:06] [#]} 11. Nd2 $146 ({Predecessor:} 11. b3 Ba6 12. Re1 Ne4 13. e3 Qb6 14. Nd2 Nc3 15. Qf3 f5 16. Bb2 Ne4 17. Nxe4 fxe4 {0-1 (29) Santiago,R (1772)-Iordachescu,V (2585) Sharjah 2022}) 11... Rb8 12. b3 Qb6 13. Ba3 a5 14. Re1 Ba6 ({But not} 14... Qxd4 15. Bxd6 Ba6 16. Bxf8 (16. Bxb8 Rxb8 17. Rc1 h6 $16) 16... Rxf8 17. Rc1 $16) 15. e3 Rfc8 16. Rc1 e5 17. Bb2 Rxc1 18. Qxc1 Rc8 19. Bc3 (19. Qa1 $11) 19... Qc7 20. Bb2 Qb6 ({Black should try} 20... Qc2) 21. Bc3 ({Better is} 21. Qa1) 21... Qc7 22. Bb2 {[%emt 0:00:29] A balanced but interesting game.  Weighted Error Value: White=0.16 (very precise) /Black=0.12 (very precise)} 1/2-1/2

[Event "55th Biel Festival MTO 2022"]
[Site "Biel"]
[Date "2022.07.18"]
[Round "5.25"]
[White "Peyrer, Konstantin"]
[Black "Mahitosh Dey"]
[Result "1-0"]
[ECO "A36"]
[WhiteElo "2406"]
[BlackElo "2212"]
[Annotator "TA"]
[PlyCount "129"]
[EventDate "2022.07.13"]
[EventType "swiss"]
[EventCountry "SUI"]
[SourceTitle "playchess.com"]
[Source "ChessBase"]
[SourceQuality "1"]
[TimeControl "40/5400+30:1800+30"]

1. g3 g6 2. Bg2 Bg7 3. c4 c5 4. Nc3 Nc6 5. d3 b6 6. h4 {[%emt 0:00:48] A36: Symmetrical English vs ...g6: 4 Bg2 Bg7.} h5 {[%emt 0:00:06] [#]} 7. Bg5 $146 ({Predecessor:} 7. e3 Nh6 8. Nge2 Nf5 9. a3 Bb7 10. b4 d6 11. Rb1 Qd7 12. Ne4 Rc8 13. Qa4 Ba8 14. O-O O-O 15. Bb2 Ne5 16. Qxd7 Nxd7 17. Bxg7 Kxg7 18. Rfd1 Rfd8 19. Ng5 Bxg2 20. Kxg2 {½-½ (20) Schlosser,P (2550)-Stangl,M (2530) Lippstadt 1997}) 7... Bb7 8. Nh3 {[%emt 0:00:36] The position is equal.} Nf6 9. Rc1 d6 10. Qa4 Qd7 11. O-O O-O 12. b4 Rfd8 13. bxc5 dxc5 14. Rfd1 Nd4 (14... Nh7 $15 15. Nd5 Nxg5 16. Nxg5 e6) 15. Qxd7 $11 Rxd7 16. Bxb7 Rxb7 17. Bxf6 Bxf6 18. Kf1 e6 19. Ne4 Bg7 20. e3 Nc6 21. Ke2 Rd8 22. f3 Rbd7 23. Nhf2 f5 24. Nc3 Bxc3 25. Rxc3 e5 26. Rg1 Kg7 27. Nh3 Nb4 28. a3 ({White should try} 28. g4 $15 hxg4 29. fxg4) 28... Nxd3 $17 {[%emt 0:02:11] aiming for ...Nb2.} 29. Rb1 {[%emt 0:00:26] [#] Prevents Nb2.} (29. Ng5 $17 Kf6 30. Rc2) 29... e4 $1 $19 30. f4 {[%emt 0:01:26] Against Ne5} (30. fxe4 $142 Ne5 31. Rc2) 30... Kf6 31. Kf1 Rb7 32. Ng1 Rdb8 33. Rcb3 a6 34. Ne2 b5 35. Nc3 (35. a4 $142) 35... b4 36. Ne2 Rd8 37. Kg2 Rbd7 38. a4 a5 39. Kf1 Kf7 40. Ra1 (40. Kg2 {was necessary.}) 40... Ke6 41. Kg2 {[%emt 0:31:56] [#]} Nc1 $1 42. Rxc1 Rd2 43. Kf2 {[%emt 0:00:42] [#]} (43. Kf1 {is a better defense.} Ra2 44. Rbb1) 43... Ra2 $1 44. Rbb1 Rdd2 45. Re1 Rxa4 {[%emt 0:02:45] White must now prevent ...Raa2.} 46. Red1 Rxd1 47. Rxd1 {[%emt 0:00:19][%mdl 4096] Endgame KRN-KR} b3 48. Nc3 $2 (48. Rb1 Rb4 49. Nc3) 48... Rxc4 49. Nb1 Rc2+ 50. Ke1 Rg2 (50... a4 $142 51. Na3 Ra2) 51. Na3 (51. Nc3 $142 b2 52. Rd2 Rg1+ 53. Ke2) 51... a4 52. Nc4 b2 53. Na3 Rh2 {[%emt 0:00:34][%cal Oc5c4] Hoping for ...c4!} 54. Kf1 Ke7 55. Rb1 Ke6 ({And not} 55... c4 56. Kg1 Re2 57. Nxc4 $15) (55... Kf6 $142 56. Rd1 Ke7) 56. Rd1 Ke7 57. Rb1 $1 Kf7 {[%emt 0:00:04] Strongly threatening ...Ke6.} ({Worse is} 57... c4 58. Kg1 Re2 59. Nxc4 $15) 58. Re1 (58. Kg1 $142 Re2 59. Nc4) 58... Rd2 {[%emt 0:00:00] And now ...Rd3 would win.} 59. Rb1 Rd3 60. Nc2 a3 61. Ke2 {[%emt 0:00:00] Inhibits Rd1.} c4 62. Nxa3 c3 63. Ke1 Rd2 {[%emt 0:00:00] ( -> ...Rg2)} 64. Rd1 c2 $4 65. Kxd2 {[%emt 0:00:00] Never resign too early!  Weighted Error Value: White=0.57/Black=0.44} 1-0

[Event "55th Biel Festival MTO 2022"]
[Site "Biel"]
[Date "2022.07.18"]
[Round "5.26"]
[White "Kamber Bruno"]
[Black "Ajay Krishna, S."]
[Result "0-1"]
[ECO "B53"]
[WhiteElo "2225"]
[BlackElo "2372"]
[Annotator "TA"]
[PlyCount "106"]
[EventDate "2022.07.13"]
[EventType "swiss"]
[EventCountry "SUI"]
[SourceTitle "playchess.com"]
[Source "ChessBase"]
[SourceQuality "1"]
[TimeControl "40/5400+30:1800+30"]

1. e4 c5 2. Nf3 d6 3. d4 cxd4 4. Qxd4 Nc6 5. Qe3 Nf6 6. Be2 {[%emt 0:00:12] B53: Sicilian: 2...d6: Lines with Qxd4.} g6 7. O-O Bg7 8. Rd1 {[%emt 0:00:21] The position is equal.} O-O (8... Ng4 {is more complex.} 9. Qb3 O-O 10. Nc3 Bxc3 11. Qxc3 Qb6) 9. h3 Nd7 10. Nc3 a6 {[%emt 0:06:03] [#]} 11. Bd2 $146 ({Predecessor:} 11. a4 b6 12. Qf4 Nb4 13. Qh4 Nxc2 14. Rb1 Ne5 15. Nxe5 Bxe5 16. Nd5 Re8 17. Bd3 {½-½ (61) Harikrishna,P (2725)-Korobov,A (2685) Struga 2021}) 11... b5 12. Rab1 Bb7 13. a4 b4 $1 14. Nd5 a5 {[%emt 0:00:52] With the idea ...e6.} 15. Bb5 Nc5 (15... e6 $15 {was preferrable.} 16. Nf4 Na7) 16. c3 $1 $11 b3 17. c4 (17. Nd4 $11 Na7 18. c4) 17... e6 $15 18. Nc3 Nb4 19. Qe2 Na2 {[%emt 0:05:04] White must now prevent ...Nxc3. 0x0.00208e7c4fc4dp-1022s more active pieces.} 20. Nxa2 bxa2 21. Ra1 Bxb2 22. Rxa2 Bg7 23. e5 Bxf3 24. Qxf3 {[%emt 0:00:15] And now Be3 would win.} dxe5 25. Be3 {[%emt 0:14:20][%csl LRc5,LRd8] This bishop pair is nice.} Qe7 26. Bc6 Rad8 27. Rb1 (27. Rad2 $15 Nb3 28. Rd7 Rxd7 29. Rxd7) 27... Rb8 (27... f5 $19 {and Black stays clearly on top. Strongly threatening ...e4.} 28. Rb5 Nd3) 28. Rb5 $17 Nb3 29. Bb7 Nd4 30. Bxd4 exd4 31. c5 Be5 32. Qe4 {[%emt 0:02:35] [#]} Bc7 $1 33. Kf1 Rfd8 34. Rd2 Qg5 (34... f5 $142 35. Qd3 Qd7) 35. Rd1 d3 36. c6 (36. Qe3 $17 Qh4 37. Be4) 36... Qf6 $19 37. Rb3 d2 38. Qe3 (38. Rf3 $17 {was worth a try.} Qb2 39. Qc4) 38... Rd5 {[%emt 0:02:24] aiming for ...Rbd8.} 39. Ba6 $2 (39. Rxd2 Qa1+ 40. Qe1 Qxa4 41. Rxd5 Qxb3 42. Rxa5 (42. Rd7 $2 Rxb7 43. cxb7 Qb5+ 44. Qe2 Qxd7 $19)) 39... Rxb3 40. Qxb3 Qd4 $40 {[%emt 0:01:07][%mdl 128] Black is out for blood.} (40... Qf4 $142 41. Qf3 Qxa4) 41. Be2 (41. Qc4 $142 Qb2 42. g3) 41... Bb6 42. Qg3 (42. Qe3 Qb4 43. c7 Bxc7 44. Bf3) 42... Rf5 43. Bf3 {[%emt 0:00:00] [#]} Rg5 $3 44. Bg4 h5 45. c7 Bxc7 46. Qxc7 hxg4 47. hxg4 Qxg4 48. Rxd2 Qxg2+ {[%emt 0:00:00] KQR-KQR} 49. Ke2 Qe4+ 50. Kf1 Rh5 51. Rd8+ Kg7 52. Qc3+ e5 53. f3 Qb1+ {[%emt 0:00:00] Weighted Error Value: White=0.85/Black=0.11 (very precise)} 0-1

[Event "55th Biel Festival MTO 2022"]
[Site "Biel"]
[Date "2022.07.18"]
[Round "5.27"]
[White "Asllani Dorian"]
[Black "Herrera Reyes, Jose Antonio"]
[Result "0-1"]
[ECO "A57"]
[WhiteElo "2220"]
[BlackElo "2345"]
[Annotator "TA"]
[PlyCount "104"]
[EventDate "2022.07.13"]
[EventType "swiss"]
[EventCountry "SUI"]
[SourceTitle "playchess.com"]
[Source "ChessBase"]
[SourceQuality "1"]
[TimeControl "40/5400+30:1800+30"]

1. d4 Nf6 2. c4 c5 3. d5 b5 4. cxb5 a6 5. e3 e6 6. Nc3 exd5 7. Nxd5 Bb7 8. Nxf6+ Qxf6 9. Nf3 Be7 10. Be2 {[%emt 0:04:26] A57: Benko/Volga Gambit.} axb5 11. Bxb5 O-O 12. O-O {[%emt 0:02:11] White has an edge.} h6 {[%emt 0:01:01] [#]} 13. Qe2 $146 ({Predecessor:} 13. a4 Rd8 14. Bd3 Ra7 15. a5 Nc6 16. Bd2 Qxb2 17. a6 Ba8 18. Qa4 d5 19. Rfc1 {½-½ (55) Kuuse,K (1995)-Lagergren,H (2063) ICCF email 2016}) 13... d5 14. Rd1 Rd8 15. a4 Nc6 (15... Na6 $11) 16. Rb1 $14 Qg6 17. Bd3 {[%emt 0:07:40] [#]} (17. Bd2 $14) 17... Qh5 (17... Ba6 $1 $11) 18. b3 Nb4 19. Bb5 d4 20. exd4 Qg6 21. Bd2 (21. Qxe7 $2 Bxf3 22. Bg5 Bxd1 23. Rxd1 Qxg5 $19) 21... Nc6 (21... cxd4 $14 22. Bxb4 Bxb4) 22. Qf1 (22. d5 $16 Rxd5 23. Bc3 (23. Bxc6 Bxc6 24. Bf4 Bf6 $11)) 22... cxd4 (22... Nxd4 $14 23. Nxd4 Rxd4) 23. Rbc1 Na7 (23... Qf6 $16) 24. Bd3 $18 Qh5 (24... Qf6 $16 25. b4 Bxf3) 25. Be2 ({White should play} 25. Re1 $18 Ba3 26. Rc4 Bxf3 27. gxf3) 25... Bd6 (25... d3 $16) 26. h3 Re8 27. Be1 (27. Nxd4 $2 Qe5 28. f4 Qxd4+ 29. Qf2 Qb2 $17) 27... Nc6 (27... Rac8 $142) 28. Nxd4 ({Less strong is} 28. Bb5 Rec8 29. b4 (29. Nxd4 Nxd4 30. Rxc8+ Rxc8 $15) 29... Ne7 $16) 28... Qe5 {[%emt 0:00:23][%csl Gd6][%cal Re5h2] [#]} 29. Nf3 {[%emt 0:00:05] Prevents Qh2+.} Qe7 (29... Qf6 30. Bc3) 30. Bb5 Ne5 31. Nxe5 Bxe5 (31... Qxe5 32. Rxd6 Qxd6 33. Bxe8 Rxe8) 32. Bxe8 Rxe8 33. Qb5 {[%emt 0:00:56] And now Rd7 would win.} Bf4 34. Bd2 Bxd2 35. Rxd2 {[%emt 0:00:05] Strongly threatening Rd7.} Qe4 36. Qf1 Qg6 37. Rc3 $4 {[%emt 0:00:42][%mdl 8192] [#]} (37. Rd4 $18) 37... Re1 $3 $19 38. f3 (38. f4 Qb1) 38... Qb1 39. Rf2 Ba6 {[%emt 0:00:30][%mdl 64] Pin} ({And not} 39... Rxf1+ 40. Rxf1 Qb2 41. Rfc1 $17) 40. Rc4 Rxf1+ 41. Rxf1 Qxb3 42. Rcc1 Bxf1 43. Rxf1 Qxa4 {[%emt 0:00:00][%mdl 4096] Endgame aiming for ...Qf4. KQ-KR} 44. Re1 f5 45. Kh1 Kf7 {[%emt 0:00:00] Hoping for ...Kf6.} 46. Rc1 Kf6 {[%emt 0:00:00] Black mates.} 47. Rf1 Qf4 48. Re1 Kg5 49. Kg1 Kh4 50. Re6 g5 51. Rxh6+ Kg3 52. h4 Qc1# {[%emt 0:00:00] What a bad dream for White.  Weighted Error Value: White=0.60/Black=0.26 (precise)} 0-1

[Event "55th Biel Festival MTO 2022"]
[Site "Biel"]
[Date "2022.07.18"]
[Round "5.28"]
[White "Unuk, Laura"]
[Black "Li Dominique"]
[Result "1-0"]
[ECO "D46"]
[WhiteElo "2340"]
[BlackElo "2212"]
[Annotator "TA"]
[PlyCount "91"]
[EventDate "2022.07.13"]
[EventType "swiss"]
[EventCountry "SUI"]
[SourceTitle "playchess.com"]
[Source "ChessBase"]
[SourceQuality "1"]
[TimeControl "40/5400+30:1800+30"]

1. d4 Nf6 2. c4 e6 3. Nf3 d5 4. Nc3 c6 5. e3 Nbd7 6. Be2 dxc4 7. Bxc4 {[%emt 0:00:49] The old main line.} Bd6 8. e4 e5 9. dxe5 {[%emt 0:14:02] White is more active. D46: Semi-Slav: 5 e3 Nbd7 6 Bd3, Black avoids the Meran.} Nxe5 10. Nxe5 Bxe5 11. Qxd8+ {[%emt 0:00:32] White is better.} Kxd8 12. Bxf7 Ke7 13. Bb3 {[%emt 0:01:35] [#]} Be6 $146 ({Predecessor:} 13... Bxc3+ 14. bxc3 Nxe4 15. O-O Re8 16. Ba3+ Kf6 17. Rfe1 Bf5 18. Rad1 Rad8 19. Rxd8 Rxd8 20. f3 Nd6 21. g4 Bc8 22. g5+ Kf5 23. Bc2+ Kf4 24. Bc1+ Kxf3 25. Bd1# {1-0 (25) Flum,G-Rozinov,B ICCF corr 1988}) 14. f3 Bxb3 15. axb3 Bd4 16. Ke2 Rhd8 17. Rd1 Rd7 18. Be3 Bxe3 19. Kxe3 g5 20. Ne2 a5 21. Nd4 Ra6 22. h4 gxh4 23. Nf5+ Ke6 24. Rxd7 (24. Nxh4 Rb6 $16) 24... Nxd7 $18 {[%emt 0:01:11][%mdl 4096] Endgame KRN-KRN} 25. Kd4 (25. Nxh4 $6 Rb6 $16) 25... Rb6 (25... c5+ $16 26. Kc3 h3) 26. Kc3 (26. Nxh4 Rxb3 27. Rxa5 c5+ 28. Kc4 Rxb2 $11) 26... Nc5 (26... h3 $142) 27. Nd4+ ({Not} 27. Nxh4 Rxb3+ 28. Kc2 a4 $11) ({Don't play} 27. Rxa5 $6 Nxb3 28. Ra3 Nc5 29. Nd4+ (29. Nxh4 Kd6 $18) 29... Kf6 $18) 27... Kf6 28. Rxa5 h3 $2 {[%emt 0:00:34] [#]} (28... Nd7 29. Rh5 Kg6) 29. Rxc5 hxg2 {[%emt 0:01:49] KRN-KR} 30. Rf5+ Kg6 31. Ne2 Kh6 32. Rf4 Rb5 33. Rh4+ Kg7 34. Rg4+ Kf6 35. Rxg2 Rh5 36. f4 Rh1 37. b4 h5 38. e5+ Kf7 39. Ng3 Rh3 40. Kd4 {[%emt 0:00:08] [#] f5 would kill now.} h4 41. Ne4 {[%emt 0:31:04] White mates.} Rh1 42. f5 h3 43. e6+ Kf8 44. Rd2 h2 45. Ke5 c5 46. f6 {[%emt 0:00:00] Black got outplayed after the opening.  Weighted Error Value: White=0.07 (flawless) /Black=0.28 (precise)} 1-0

[Event "55th Biel Festival MTO 2022"]
[Site "Biel"]
[Date "2022.07.18"]
[Round "5.29"]
[White "Tanmay Chopra"]
[Black "Kornitzky Tino"]
[Result "1-0"]
[ECO "D37"]
[WhiteElo "2322"]
[BlackElo "2141"]
[Annotator "TA"]
[PlyCount "63"]
[EventDate "2022.07.13"]
[EventType "swiss"]
[EventCountry "SUI"]
[SourceTitle "playchess.com"]
[Source "ChessBase"]
[SourceQuality "1"]
[TimeControl "40/5400+30:1800+30"]

1. d4 Nf6 2. c4 e6 3. Nf3 d5 4. Nc3 Nbd7 5. Bf4 dxc4 6. e3 Nb6 {[%emt 0:00:08] [#]} 7. Bxc4 $1 {[%emt 0:00:13][%mdl 64] Decoy. D37: Queen's Gambit Declined: 5 Bf4.} Nxc4 8. Qa4+ c6 9. Qxc4 {[%emt 0:00:06] The position is equal.} Nd5 10. Bg3 Qb6 11. Qe2 Nxc3 12. bxc3 Qb5 13. a4 Qxe2+ 14. Kxe2 {[%emt 0:00:04] [#]} f6 $146 ({Predecessor:} 14... Be7 15. Rhb1 f6 16. a5 Kf7 17. Nd2 c5 18. Ne4 cxd4 19. cxd4 Rd8 20. f3 Ke8 {1-0 (52) Faizrakhmanov,R (2450)-Goganov,A (2602) Sochi 2020}) 15. a5 Kd7 16. e4 {[%emt 0:24:38][%cal Be3e4,Be4e5,Be5d6][%mdl 32] White is much more active. The black rooks are badly placed. White now steadily converts the win.} Be7 17. h4 h5 18. Nd2 Rh6 19. Bf4 Rh7 20. Nc4 g6 (20... Rh8 $16) 21. e5 $18 f5 22. Nd6 Bxd6 (22... Bd8 {was called for.} 23. f3 Rh8) 23. exd6 c5 24. Be5 ({Don't play} 24. dxc5 Kc6 25. Rhb1 Kxc5) 24... Kc6 25. Kd3 Bd7 (25... b5 $142 26. axb6 a5) 26. Kc4 cxd4 27. cxd4 {[%emt 0:03:53][%cal Bc3d4,Bd4d5][%mdl 32] [#] Black must now prevent Rhc1.} Rc8 28. Rhc1 {[%emt 0:00:39][%cal Od4d5] White wants to mate with d5+!} b6 (28... Be8 $18 29. Kd3+ Kd7) 29. a6 {[%emt 0:03:36] White mates.} b5+ 30. Kb4+ Kb6 31. d5 Rxc1 32. Bd4+ {[%emt 0:00:05][%mdl 64] Skewer.  Weighted Error Value: White=0.06 (flawless) /Black=0.46} 1-0

[Event "55th Biel Festival MTO 2022"]
[Site "Biel"]
[Date "2022.07.18"]
[Round "5.30"]
[White "Collin Moritz Valentin"]
[Black "Sahithi Varshini M"]
[Result "0-1"]
[ECO "E52"]
[WhiteElo "2129"]
[BlackElo "2312"]
[Annotator "TA"]
[PlyCount "70"]
[EventDate "2022.07.13"]
[EventType "swiss"]
[EventCountry "SUI"]
[SourceTitle "playchess.com"]
[Source "ChessBase"]
[SourceQuality "1"]
[TimeControl "40/5400+30:1800+30"]

1. d4 Nf6 2. c4 e6 3. Nc3 Bb4 4. e3 O-O 5. Bd2 b6 6. Nf3 Bb7 7. Bd3 d5 8. cxd5 exd5 9. O-O Nbd7 10. Rc1 a6 {[%emt 0:02:47] E52: Nimzo-Indian: Rubinstein: 4...0-0 5 Nf3 d5 6 Bd3 b6.} 11. Ne5 Bd6 12. f4 c5 {[%emt 0:04:02] White has an edge.} 13. Qf3 b5 14. a3 (14. Be1 $14 {is superior.}) 14... cxd4 15. exd4 Nb6 16. Be1 Be7 17. Bh4 Rb8 {[%emt 0:06:57][%cal Of6e4] [#]} 18. Rfe1 $146 {[%emt 0:07:03] Against Ne4} ({Predecessor:} 18. Rce1 Nc4 19. Rf2 Ba8 20. Ng4 Rb6 21. Rfe2 Ne4 22. Bxe7 Qxe7 23. f5 Qd8 24. Nxe4 dxe4 25. Bxe4 Qxd4+ {½-½ (38) Smirnov,V (2356)-Zhigalko,A (2566) Minsk 2011}) 18... h6 (18... Rc8 $11) 19. Rc2 ({White should try} 19. Bb1 $16 {Hoping for Bxf6.} Qd6 20. Bxf6 Qxf6 21. Qd3) 19... Re8 (19... Rc8 $14) 20. Rce2 Ne4 21. Bxe7 (21. Bf2 {keeps more tension.} Nxf2 22. Rxf2 Nc4 23. Bb1) 21... Rxe7 22. Nxd5 Qxd5 23. Qxe4 (23. Bxe4 $11 Qxd4+ 24. Kf1) 23... Qxe4 $17 24. Bxe4 Bxe4 25. Rxe4 {[%emt 0:01:01] [#]} Rbe8 $1 26. g4 (26. R4e3 $142) 26... f6 27. h4 Nd5 28. Kg2 fxe5 29. dxe5 {[%emt 0:00:31] [#]} Nf6 $1 30. Rd4 Nxg4 {[%emt 0:00:09] ...h5 is the strong threat.} 31. Kf3 (31. h5 {keeps fighting.}) 31... h5 $19 32. Rd6 Re6 33. Red1 g6 {[%emt 0:00:22] White must now prevent ...Nh6.} 34. R1d2 (34. Rxe6 $142 Rxe6 35. Rd8+ Kf7 36. Rd7+ Re7 37. Rd6) 34... Nh6 35. Ke4 Nf5 {[%emt 0:00:07] Weighted Error Value: White=0.33/Black=0.19 (very precise)} 0-1

[Event "55th Biel Festival MTO 2022"]
[Site "Biel"]
[Date "2022.07.18"]
[Round "5.31"]
[White "Kolbus Dietmar"]
[Black "Popiol Michal"]
[Result "0-1"]
[ECO "E81"]
[WhiteElo "2285"]
[BlackElo "2118"]
[Annotator "TA"]
[PlyCount "84"]
[EventDate "2022.07.13"]
[EventType "swiss"]
[EventCountry "SUI"]
[SourceTitle "playchess.com"]
[Source "ChessBase"]
[SourceQuality "1"]
[TimeControl "40/5400+30:1800+30"]

1. c4 Nf6 2. Nc3 g6 3. e4 d6 4. d4 Bg7 5. Bd3 O-O 6. Nge2 Nc6 7. f3 Nd7 8. Be3 e5 {[%emt 0:00:16][%cal Re5d4] E81: King's Indian: Sämisch: 6th move deviations (including 6 Be3 c6).} 9. d5 Nd4 10. Nb5 Nxb5 {[%emt 0:00:24] The position is equal.} (10... Qh4+ 11. Bf2 Qg5 12. Nbxd4 (12. Nexd4 exd4 13. O-O a6 $16) 12... exd4 13. O-O $16) 11. cxb5 Nc5 {[%emt 0:00:04] [#]} 12. Bc2 $146 ({Predecessor:} 12. O-O Nxd3 13. Qxd3 f5 14. exf5 gxf5 15. Nc3 Kh8 16. Rac1 Bd7 17. a4 Rg8 18. Qc4 {0-1 (52) Straka,J (2035)-Armani,G (2341) ICCF email 2018}) 12... f5 13. b4 {[%emt 0:00:22] [#]} (13. O-O $14) 13... fxe4 $1 $15 14. fxe4 Nd7 15. Qd2 Rf7 (15... Qh4+ $1 $17 16. Ng3 h6) 16. O-O-O Nf6 17. h3 {[%emt 0:03:12] Against Ng4} Bd7 18. Nc3 a5 19. bxa6 bxa6 20. Qd3 Nh5 21. Rdf1 (21. Kb2 $11 {keeps the balance.}) 21... Nf4 $17 22. Qd2 Qb8 $36 {[%emt 0:00:27][%mdl 2048] Black is more active.} 23. a3 a5 24. bxa5 Rxa5 25. Nb1 {[%emt 0:01:33] [#]} (25. g3 $1 $15) 25... Qb5 $1 $19 26. Rf2 Ra8 {[%emt 0:00:26] aiming for ...c5.} 27. g3 Nh5 {[%emt 0:03:28] 0x0.0002df69a55fdp-1022s more active pieces. The white rooks are badly placed.} ({Weaker is} 27... Nxh3 28. Rxf7 Kxf7 29. Nc3) 28. Rxf7 Kxf7 29. Bd3 Qb3 30. g4 $2 (30. Rg1 $17) 30... Nf4 $1 {[%emt 0:04:26] The board is on fire.} 31. Bc2 Qc4 {[%emt 0:01:16] And now ...Ba4 would win.} 32. Bxf4 $2 (32. Kb2) 32... exf4 33. Qxf4+ (33. Qb4 $142 Qe2 34. Qd2) 33... Kg8 {[%emt 0:00:01] White must now prevent ...Ba4.} 34. Kd1 Ba4 35. Bxa4 Qxa4+ ({Not} 35... Rxa4 36. Nd2 Qb5 37. Qf3 $17 (37. Rf1 $2 Rxa3 38. Ke1 h6 $19)) 36. Kc1 Qc4+ 37. Kd1 Qd4+ (37... Rb8 $142 38. Nd2 Qd3 39. Ke1 Bc3 40. Kf2 Bxd2 41. Qf6 Be3+ 42. Kg2 Bd4 43. Qe6+ Kh8 44. Qf6+ Bxf6 45. Rf1 Qxe4+ 46. Kg1 {[#]} Rb2 $1 47. Rf2 Qe1+ 48. Rf1 Qg3+ 49. Kh1 Qh2#) 38. Ke2 Qc4+ (38... Rf8 $19 39. Qe3 Qc4+ 40. Kd1 Qa2) 39. Kd1 $1 Qd3+ {[%emt 0:00:21] Black mates.} 40. Nd2 Rxa3 41. Ke1 Ra1+ 42. Kf2 Rxh1 {[%emt 0:00:09] Weighted Error Value: White=0.55/Black=0.46} 0-1